 Dungeon Crawl Stone Soup version 0.17-a0-1479-g4041c36 (webtiles) character file.

93 Miyamura the Sneak (level 4, -1/21 HPs)
             Began as a Spriggan Earth Elementalist on July 3, 2015.
             Was a Follower of Cheibriados.
             Slain by a phantom (9 damage)
             ... on level 3 of the Dungeon.
             The game lasted 00:16:01 (2430 turns).

Miyamura the Sneak (Spriggan Earth Elementalist)    Turns: 2430, Time: 00:16:01

Health: -1/21      AC:  3    Str:  6    XL:     4   Next: 36%
Magic:  0/10       EV: 20    Int: 19    God:    Cheibriados [*.....]
Gold:   135        SH:  0    Dex: 18    Spells: 3 memorised, 4 levels left

rFire  . . .     SeeInvis +     h - +0 dagger
rCold  + . .     Clarity  .     b - +0 robe
rNeg   . . .     SustAt   .     (shield restricted)
rPois  .         Gourm    .     (helmet restricted)
rElec  .         Spirit   .     e - +0 cloak
rCorr  .         Warding  .     (gloves unavailable)
rMut   .         Stasis   .     (boots unavailable)
MR     .....                    (no amulet)
Stlth  +++.......               (no ring)
                                n - ring of protection from cold

@: quick, not resistant to hostile enchantments, fairly stealthy
A: unfitting armour, see invisible, herbivore 3, speed 3, slow metabolism 2
a: Bend Time, Renounce Religion


You were on level 3 of the Dungeon.
You worshipped Cheibriados.
Cheibriados was aware of your devotion.
You were not hungry.

You visited 1 branch of the dungeon, and saw 3 of its levels.

You collected 135 gold pieces.

Inventory:

Hand weapons
 h - a +0 dagger (weapon)
Missiles
 a - 79 stones (quivered)
Armour
 b - a +0 robe (worn)
 e - a +0 cloak (worn)
Jewellery
 n - a ring of protection from cold (left hand)
Scrolls
 m - a scroll of remove curse
Potions
 f - a potion of might {unknown}
 g - a potion of cancellation {unknown}
 j - 4 potions of curing
 k - a potion of lignification {unknown}
 l - a potion of heal wounds {unknown}
 o - a potion of agility {unknown}
Books
 c - a book of Geomancy

   Spells                             Type                      Level
   a - Sandblast                      Earth                        1
   b - Stoneskin                      Transmutation/Earth          2
   c - Passwall                       Transmutation/Earth          3
   d - Stone Arrow                    Conjuration/Earth            3
   e - Petrify                        Transmutation/Earth          4
   f - Lee's Rapid Deconstruction     Earth                        5
Comestibles
 d - a bread ration
 i - 5 fruits


   Skills:
 + Level 0.5 Fighting
 + Level 4.2 Dodging
 + Level 4.3 Stealth
 + Level 3.6 Spellcasting
 - Level 1.3 Transmutations
 + Level 3.1 Earth Magic


You had 4 spell levels left.
You knew the following spells:

 Your Spells              Type           Power        Failure   Level  Hunger
a - Stone Arrow           Conj/Erth      #.....       21%         3    ###....
b - Sandblast             Erth           ###...       4%          1    None
k - Stoneskin             Trmt/Erth      ##......     10%         2    ##.....


Dungeon Overview and Level Annotations

Branches:
Dungeon (3/15)

Altars:
Ashenzari
Cheibriados
Yredelemnul


Innate Abilities, Weirdness & Mutations

You are tiny and cannot use many weapons and most armour.
You have supernaturally acute eyesight.
You are a herbivore.
You cover ground extremely quickly.
You need consume almost no food.


Message History

The phantom hits you!
* * * LOW HITPOINT WARNING * * *
The phantom blinks!
You are too injured to fight recklessly!
You are too injured to fight recklessly!
You are too injured to fight recklessly!
You see here a rat corpse.
The phantom blinks!
The phantom blinks!
The phantom blinks!
The phantom blinks!
Casting: Stone Arrow
Confirm with . or Enter, or press ? or * to list all spells.
Aiming: Stone Arrow
Press: ? - help, Shift-Dir - straight line, f/p - phantom
Aim: a phantom (severely damaged)
The stone arrow hits the phantom.
The phantom is severely damaged.
The phantom hits you!
You die...

#.# #.#
#†# #.#
#.######
#......#
######.#
#W# #@#
#.# #.#
#.# #.#
#.# #.#
#.#
######.#


You could see a phantom.

Vanquished Creatures
  4 adders
  An ooze (D:1)
  2 giant geckos
  3 bats (D:2)
  6 giant cockroaches
  6 goblins
  9 hobgoblins
  6 kobolds
  A giant newt (D:2)
  4 rats
42 creatures vanquished.

Notes
Turn   | Place    | Note
--------------------------------------------------------------
     0 | D:1      | Miyamura the Spriggan Earth Elementalist began the quest for the Orb.
     0 | D:1      | Reached XP level 1. HP: 9/9 MP: 5/5
   209 | D:1      | Reached XP level 2. HP: 14/14 MP: 0/6
   273 | D:1      | Learned a level 2 spell: Stoneskin
   820 | D:1      | Reached XP level 3. HP: 15/17 MP: 8/8
   829 | D:1      | Learned a level 3 spell: Stone Arrow
   979 | D:2      | Reached skill level 4 in Dodging
  1157 | D:2      | Found a faded altar to an unknown god.
  1538 | D:2      | Found a basalt altar of Yredelemnul.
  1628 | D:2      | Reached XP level 4. HP: 21/21 MP: 6/10
  2268 | D:2      | Became a worshipper of Cheibriados the Contemplative
  2268 | D:2      | Acquired Cheibriados's first power
  2348 | D:3      | Found a shattered altar of Ashenzari.
  2378 | D:3      | Noticed a phantom
  2430 | D:3      | Slain by a phantom

Vault maps used:
D:1:      dpeg_arrival_tiny_k
D:2:      old_standard_altar, ecumenical_altar_1
D:3:      ashenzari_altar_1, nrook_mini_backslash, nemelex_spade_bored_becter

Action                   |  1- 3 |  4- 6 || total
-------------------------+-------+-------++-------
Melee: Short sword       |     1 |       ||     1
       Dagger            |    62 |    28 ||    90
 Cast: Sandblast         |    54 |    12 ||    66
       Stoneskin         |     1 |     1 ||     2
       Stone Arrow       |     4 |     4 ||     8
  Use: Scroll            |     4 |     1 ||     5
 Stab: Sleeping          |     5 |     4 ||     9
       Distracted        |     1 |       ||     1
